 Dungeon Crawl Stone Soup version 0.29-a0-207-gf982a884d8 (webtiles) character file.

Game seed: 13297987421347548301

6815 sparljo the Cleaver (level 10, -4/104 HPs)
             Began as a Minotaur Fighter on Feb 23, 2022.
             Slain by an 11-headed hydra (9 damage)
             ... on level 1 of the Lair of Beasts.
             The game lasted 00:29:27 (6078 turns).

sparljo the Cleaver (Minotaur Fighter)              Turns: 6078, Time: 00:29:29

Health: -4/104     AC: 14    Str: 25    XL:     10   Next: 77%
Magic:  9/9        EV: 12    Int:  5    God:
Gold:   512        SH:  5    Dex: 10    Spells: 9/9 levels left

rFire   . . .      SeeInvis +   g - +3 hand axe (venom)
rCold   . . .      Faith    .   c - +0 buckler
rNeg    . . .      Spirit   .   n - +2 ring mail {Will+}
rPois   .          Reflect  .   (helmet restricted)
rElec   .          Harm     .   q - +0 cloak
rCorr   .          Rampage  .   j - +1 pair of gloves
Will    +....                   k - +0 pair of boots
Stlth   +.........              w - amulet of Vitality {Regen+ HP+15}
HPRegen 1.07/turn               f - +4 ring of slaying
MPRegen 0.11/turn               l - ring of see invisible

@: about to teleport
A: horns 2, retaliatory headbutt
a: no special abilities


You were on level 1 of the Lair of Beasts.
You visited 3 branches of the dungeon, and saw 10 of its levels.
You also visited: Ossuary.

You collected 512 gold pieces.

Inventory:

Hand Weapons
 a - a +0 war axe
 g - a +3 hand axe of venom (weapon)
 t - a +0 dagger of draining
 y - a +4 dagger
Missiles
 i - a boomerang of dispersal (quivered)
Armour
 c - a +0 buckler (worn)
 j - a +1 pair of gloves (worn)
 k - a +0 pair of boots (worn)
 n - a +2 ring mail of willpower (worn)
 q - a +0 cloak (worn)
Magical Staves
 e - a staff of earth
Jewellery
 f - a +4 ring of slaying (left hand)
 h - an amulet of magic regeneration
 l - a ring of see invisible (right hand)
 w - the amulet of Vitality (around neck) {Regen+ HP+15}
   (You found it on level 5 of the Dungeon)

   [amulet of regeneration]

   HP:        It affects your health (+15).
   Regen:     It increases your rate of health regeneration.
 x - a ring of protection from fire
Wands
 u - a wand of flame (45)
Scrolls
 m - 2 scrolls of magic mapping
 o - a scroll of identify
 r - a scroll of fog
 A - a scroll of blinking
 B - a scroll of holy word {unknown}
Potions
 d - 5 potions of might
 p - 3 potions of haste
 s - 3 potions of degeneration
 v - 2 potions of ambrosia
 z - a potion of magic
 C - a potion of cancellation
 E - 2 potions of curing
 F - a potion of brilliance {unknown}


   Skills:
 + Level 8.3 Fighting
 + Level 13.6 Axes
 + Level 0.4 Throwing
 + Level 8.4 Armour
 + Level 6.0 Dodging
 + Level 1.6 Stealth
 + Level 7.4 Shields


You had 9 spell levels left.
You didn't know any spells.
Your spell library contained the following spells:

 Spells                   Type           Power      Damage    Failure   Level
 Animate Skeleton         Necr           0%         N/A       67%         1
 Apportation              Tloc           0%         N/A       67%         1
 Summon Small Mammal      Summ           0%         N/A       67%         1
 Corpse Rot               Necr/Air       0%         N/A       82%         2
 Poisonous Vapours        Pois/Air       0%         N/A       82%         2
 Sublimation of Blood     Necr           0%         N/A       82%         2
 Conjure Flame            Conj/Fire      0%         6-21      96%         3
 Gell's Gravitas          Tloc           0%         N/A       96%         3
 Ignite Poison            Fire/Tmut/Pois 0%         N/A       96%         3
 Inner Flame              Hex/Fire       0%         N/A       96%         3
 Lesser Beckoning         Tloc           0%         N/A       96%         3
 Teleport Other           Tloc           0%         N/A       96%         3
 Cause Fear               Hex            0%         N/A       100%        4
 Petrify                  Tmut/Erth      0%         N/A       100%        4
 Sticky Flame             Conj/Fire      0%         2d3       100%        4
 Irradiate                Conj/Tmut      0%         3d14      100%        5
 Discord                  Hex            0%         N/A       100%        8


Dungeon Overview and Level Annotations

Branches:
Dungeon (8/15)             Temple (1/1) D:4            Lair (1/6) D:8
Ossuary (visited)

Altars:
Ashenzari
Cheibriados
Gozag
Kikubaaqudgha
Makhleb
Nemelex Xobeh
Okawaru
Qazlal
Trog
The Shining One

Shops:
D:7 *


Innate Abilities, Weirdness & Mutations

You have a pair of horns on your head.
You reflexively headbutt those who attack you in melee.


Message History

The ten-headed hydra is severely wounded.
You hear an angry hiss.
You lop one of the ten-headed hydra's heads off!
The nine-headed hydra grows two more!
You hit the 11-headed hydra. You headbutt the 11-headed hydra!
The 11-headed hydra is heavily wounded.
The 11-headed hydra bites you but does no damage.
The 11-headed hydra bites you. The 11-headed hydra bites you!
* * * LOW HITPOINT WARNING * * *
You block the 11-headed hydra's attack. The 11-headed hydra bites you!
* * * LOW HITPOINT WARNING * * *
The 11-headed hydra bites you but does no damage.
You block the 11-headed hydra's attack.
The 11-headed hydra bites you but does no damage.
The 11-headed hydra bites you.
* * * LOW HITPOINT WARNING * * *
The 11-headed hydra bites you!
* * * LOW HITPOINT WARNING * * *
The 11-headed hydra closely misses you.
A komodo dragon comes into view.
You feel much better. You block the 11-headed hydra's attack.
The 11-headed hydra bites you!
* * * LOW HITPOINT WARNING * * *
The 11-headed hydra bites you.
* * * LOW HITPOINT WARNING * * *
The 11-headed hydra bites you!
* * * LOW HITPOINT WARNING * * *
The 11-headed hydra completely misses you.
The 11-headed hydra bites you but does no damage. x2
The 11-headed hydra misses you.
The 11-headed hydra completely misses you.
The 11-headed hydra bites you but does no damage. x2
As you read the scroll of teleportation, it crumbles to dust.
You feel strangely unstable. You block the 11-headed hydra's attack.
The 11-headed hydra barely misses you.
The 11-headed hydra bites you but does no damage. x2
The 11-headed hydra barely misses you. The 11-headed hydra misses you.
The 11-headed hydra closely misses you. The 11-headed hydra barely misses you.
You block the 11-headed hydra's attack. The 11-headed hydra bites you!
You die...

...# ♣♣♣♣ ♣♣(♣♣♣
..## ..)♣ ♣♣♣.♣
..# ?.. ♣..♣♣ ♣
..# ..♣♣♣ ♣.♣♣
.. ..# F.. ♣.♣♣
♣♣♣♣..i ..# ♣i♣
♣♣.♣♣♣♣....♣
..##### ♣i♣♣
♣♣..)..♣♣
......# ♣♣D♣♣♣
♣♣♣♣...♣
......## ♣♣@.♣♣♣
♣♣..)♣♣♣♣
......>##
♣♣♣..♣♣♣
♣........
.......†##
♣♣♣..♣♣♣..♣♣♣♣♣♣
..######.###
♣♣♣....♣♣ ..#
#...## ♣♣♣♣♣♣
..# ##....## ..#
#......# ######
..# ##....##
#....# ...
#.....# #....#


You could see a 11-headed hydra (extremely poisoned), a cane toad and 2
spriggans.

Vanquished Creatures
  A cane toad (Lair:1)
  4 komodo dragons (Lair:1)
  2 rime drakes (Lair:1)
  A polar bear (Lair:1)
  A blink frog (Lair:1)
  3 spriggans (Lair:1)
  3 yaks (Lair:1)
  A steam dragon (D:8)
  3 water moccasins (Lair:1)
  A sky beast (D:5)
  2 orc warriors
  A hornet zombie (D:7)
  A necrophage (D:4)
  2 ice beasts
  4 wolves (Lair:1)
  2 centaurs
  A phantom (D:7)
  2 kobold brigands
  7 bullfrogs
  13 scorpions
  3 centaur zombies (Ossuary)
  A human zombie (Ossuary)
  3 jellies
  3 hounds
  A centaur skeleton (D:4)
  A bullfrog skeleton (D:6)
  Terence (D:2)
  4 scorpion zombies (Ossuary)
  2 killer bee zombies
  3 mummies (Ossuary)
  6 adders
  A shadow imp (D:7)
  A white imp (D:6)
  An ufetubus (D:6)
  2 adder zombies (D:5)
  A worm (D:2)
  2 dart slugs
  4 orcs
  5 endoplasms
  4 gnoll zombies (Ossuary)
  4 goblins
  7 hobgoblins
  3 jackals (D:4)
  3 quokkas
  6 ball pythons
  9 bats
  5 frilled lizards
  A hobgoblin zombie (Ossuary)
  11 kobolds
  2 kobold zombies (Ossuary)
  2 orc zombies (Ossuary)
  7 rats
164 creatures vanquished.

Vanquished Creatures (others)
  17 fungi
  17 plants
34 creatures vanquished.

Grand Total: 198 creatures vanquished

Notes
Turn   | Place    | Note
-------+----------+-------------------------------------------
     0 | D:1      | sparljo the Minotaur Fighter began the quest for the Orb.
     0 | D:1      | Reached XP level 1. HP: 19/19 MP: 0/0
     0 | D:1      | Noticed a minotaur skeleton
     3 | D:1      | Noticed a draconian
     5 | D:1      | Noticed a dwarf
    10 | D:1      | Noticed a troll
    12 | D:1      | Noticed a formicid
   116 | D:1      | Found a faded altar of an unknown god.
   234 | D:1      | Reached XP level 2. HP: 27/27 MP: 1/1
   555 | D:1      | Reached skill level 3 in Axes
   675 | D:2      | Reached XP level 3. HP: 32/33 MP: 2/2
   944 | D:2      | Noticed Terence
   965 | D:2      | Killed Terence
   966 | D:2      | Reached skill level 4 in Axes
   966 | D:2      | Reached XP level 4. HP: 31/40 MP: 3/3
  1738 | D:3      | Found a sparkling altar of Nemelex Xobeh.
  2079 | D:4      | Noticed a scorpion
  2085 | D:4      | Killed a scorpion
  2086 | D:4      | Reached XP level 5. HP: 46/47 MP: 4/4
  2094 | D:4      | Reached skill level 5 in Axes
  2191 | D:4      | Found a burning altar of Makhleb.
  2314 | D:4      | Reached XP level 6. HP: 53/53 MP: 5/5
  2377 | D:4      | Reached skill level 6 in Axes
  2425 | D:4      | Found a staircase to the Ecumenical Temple.
  2437 | Temple   | Entered the Ecumenical Temple
  2645 | D:5      | Entered Level 5 of the Dungeon
  2705 | D:5      | Noticed a sky beast
  2716 | D:5      | Killed a sky beast
  2717 | D:5      | Reached skill level 5 in Armour
  2717 | D:5      | Reached skill level 1 in Dodging
  2851 | D:5      | Found the amulet of Vitality {Regen+ HP+15}
  3043 | D:5      | Found a bloodstained altar of Trog.
  3124 | D:5      | Reached XP level 7. HP: 60/60 MP: 6/6
  3187 | D:5      | Found an ancient bone altar of Kikubaaqudgha.
  3254 | D:5      | Reached skill level 7 in Axes
  3256 | D:5      | Found a broken altar of Ashenzari.
  3670 | D:6      | Reached skill level 5 in Fighting
  3670 | D:6      | Reached skill level 5 in Shields
  3813 | D:6      | Found a sand-covered staircase.
  3820 | Ossuary  | Entered an ossuary
  3838 | Ossuary  | Reached skill level 1 in Stealth
  3863 | Ossuary  | Reached skill level 8 in Axes
  3903 | Ossuary  | Reached XP level 8. HP: 68/68 MP: 7/7
  3971 | Ossuary  | Reached skill level 9 in Axes
  4131 | Ossuary  | Reached skill level 10 in Axes
  4316 | D:6      | Found a stormy altar of Qazlal.
  4333 | D:6      | Noticed an air elemental
  4460 | D:7      | Found Gozag's Platinum Reserve.
  4494 | D:7      | Found an opulent altar of Gozag.
  4615 | D:7      | Reached XP level 9. HP: 75/75 MP: 8/8
  4658 | D:7      | Reached skill level 11 in Axes
  4937 | D:7      | Found a glowing golden altar of the Shining One.
  5276 | D:8      | Found a snail-covered altar of Cheibriados.
  5472 | D:8      | Found a staircase to the Lair.
  5486 | Lair:1   | Entered Level 1 of the Lair of Beasts
  5537 | Lair:1   | Reached skill level 12 in Axes
  5538 | Lair:1   | Noticed a komodo dragon
  5557 | Lair:1   | Killed a komodo dragon
  5623 | Lair:1   | Noticed a rime drake
  5688 | Lair:1   | Killed a rime drake
  5689 | Lair:1   | Reached XP level 10. HP: 86/86 MP: 9/9
  5780 | Lair:1   | Reached skill level 5 in Dodging
  5809 | Lair:1   | Noticed a cane toad
  5818 | Lair:1   | Reached skill level 13 in Axes
  5842 | Lair:1   | Killed a cane toad
  6068 | Lair:1   | Noticed a six-headed hydra
  6068 | Lair:1   | Noticed a cane toad
  6074 | Lair:1   | HP: 5/104 [11-headed hydra (13)]
  6078 | Lair:1   | Slain by an 11-headed hydra

Illustrated notes

Levels and vault maps discovered:
D:1:      shiori_arrival_whats_in_store_for_you, layout_basic,
          ebering_ecumenical_altar_rust, minmay_tromino_i2
D:2:      layout_basic, uniq_terence
D:3:      layout_rooms, nemelex_xobeh_ov_fountains_minmay, minivault_26
D:4:      layout_basic, mainiacjoe_overflow_tiny_flanked,
          minmay_temple_entry_enclosed_plants, st_stairs_12
D:5:      layout_loops_corners, mainiacjoe_overflow_24_doors,
          mainiacjoe_overflow_large_starburst
D:6:      layout_cave_pools, nicolae_qazlal_style_of_elements, enter_ossuary_5
D:7:      layout_basic, tso_altar, nicolae_gozag_zags_fifth_avenue
D:8:      layout_basic, marbit_many_paths, pdpol_wu_jian_five_deadly_venoms,
          grunt_lair_entry_orc_guard_hut, minmay_evil_grid
Temple:   nicolae_temple_figure_zero
Lair:1:   kb_forest_paths, layout_long_grid, basic_altar,
          minmay_shattered_shrine

Skill      XL: |  1  2  3  4  5  6  7  8  9 10 |
---------------+-------------------------------+-----
Shields        | 4 5 6 7 |  7.4
Fighting       | 4 5 7 8 |  8.3
Armour         | 4 5 6 7 8 |  8.4
Axes           | 3 4 5 6 8 10 12 13 | 13.6
Dodging        | 1 3 4 6 |  6.0
Stealth        | 1 |  1.6
Throwing       | |  0.4

Action                   |  1- 3 |  4- 6 |  7- 9 | 10-12 || total
-------------------------+-------+-------+-------+-------++-------
Melee: War axe           |    60 |     2 |       |       ||    62
       Headbutt          |    12 |    12 |    60 |    17 ||   101
       Hand axe          |       |    59 |   258 |    83 ||   400
Throw: Boomerang         |     1 |     1 |     1 |       ||     3
  Use: Scroll            |     1 |     5 |     5 |     2 ||    13
       Potion            |       |     4 |     6 |     1 ||    11
Armor: Scale mail        |    21 |       |       |       ||    21
       Ring mail         |       |    26 |    69 |    30 ||   125
Dodge: Dodged            |    35 |    21 |    82 |    44 ||   182
Block: Buckler           |    14 |     6 |    38 |    19 ||    77

Table legend: (Time is in decaauts)
 A = Elapsed time spent in this place.
 B = Non-inter-level travel time spent in this place.
 C = Inter-level travel time spent in this place.
 D = Time resting spent in this place.
 E = Time spent auto-exploring this place.
 F = Levels seen in this place.
 G = Mean time per level.
                   A        B        C        D        E       F      G
               +--------+--------+--------+--------+--------+-----+--------+
         Total |   6019 |   6013 |      6 |     24 |   2997 |  11 |  547.2 |
       Dungeon |   5020 |   5014 |      6 |     24 |   2807 |   8 |  627.5 |
        Temple |     23 |     23 |      0 |      0 |      0 |   1 |   23.0 |
          Lair |    556 |    556 |      0 |      0 |    190 |   1 |  556.0 |
       Ossuary |    418 |    418 |      0 |      0 |      0 |   1 |  418.0 |
               +--------+--------+--------+--------+--------+-----+--------+

Top non-repeatable levels by time:
     D:2: 934 daAuts
     D:5: 919 daAuts
     D:7: 652 daAuts
     D:1: 608 daAuts
     D:4: 571 daAuts
  Lair:1: 556 daAuts
     D:3: 519 daAuts
 Ossuary: 418 daAuts
     D:8: 418 daAuts
     D:6: 397 daAuts
  Temple: 23 daAuts
